Description

This is Reynors build vs Astrea in game 3 of 2021 IEM Katowice. I dont know who invented it but credit for this goes to him.

Replay - Astrea v Reynor: Game 3 - Jagannatha LE

Build Order

Get SALT Encoding   

  12  0:00  Drone  
  13  0:12  Overlord  
  13  0:17  Drone  
  14  0:30  Drone x2  
  16  0:48  Hatchery  
  15  0:52  Drone x2  
  17  0:58  Drone  
  18  1:09  Extractor  
  17  1:15  Spawning Pool  
  17  1:17  Drone x2  
  18  1:27  Drone  
  20  1:49  Overlord  
  20  2:02  Queen x2, Zergling x4  
  30  2:32  Hatchery  
  31  2:42  Pneumatized Carapace  
  31  2:50  Overlord  
  32  2:55  Queen  
  34  3:01  Metabolic Boost  
  43  3:25  Overlord  
  44  3:37  Overlord  
  44  3:43  Queen  
  44  3:44  Zergling x6  
  49  3:54  Spore Crawler  
  49  3:55  Queen  
  54  4:06  Spore Crawler  
  55  4:11  Zergling x4  
  59  4:20  Spore Crawler  
  66  4:41  Queen  
  69  4:48  Lair  
  71  4:54  Evolution Chamber, Extractor  
  73  5:09  Extractor  
  73  5:20  Zerg Missile Weapons Level 1  
  73  5:23  Extractor  
  81  5:33  Roach Warren  
  81  5:35  Extractor x2  
  83  5:48  Infestation Pit  
  84  6:01  Hatchery  
  85  6:12  Spore Crawler  
  85  6:13  Glial Reconstitution  
  85  6:29  Swarm Host x8  
  109  6:35  Swarm Host x2  
  115  6:47  Roach x6  
  126  6:58  Roach x4  
  144  7:10  Spine Crawler  
  163  7:44  Ravager x6  
  163  7:49  Extractor  
  163  7:50  Ravager  
  174  7:56  Spine Crawler  
  199  8:23  Zerg Missile Weapons Level 2  
  199  8:32  Spine Crawler x2  
  195  8:36  Zergling x6  
  195  8:38  Ravager x3  
  199  8:55  Extractor  
  199  9:09  Hive  
  199  9:11  Hydralisk Den  
  195  9:42  Spine Crawler  
  195  9:44  Lurker Den  
  199  10:50  Seismic Spines  
  199  10:52  Zerg Missile Weapons Level 3  
  200  11:05  Hatchery  
  194  11:12  Hydralisk x3  
  192  11:24  Hydralisk x6  
  186  12:00  Lurker x5  
  184  12:04  Overseer  
  184  12:05  Lurker  
  194  12:14  Overseer x2  
  187  12:17  Lurker x3  
  192  12:30  Queen  
  191  12:39  Lurker Den  
  191  12:42  Hydralisk  
  200  12:44  Muscular Augments  
  199  13:23  Extractor x2  
  199  13:25  Spire  
  199  13:31  Zerg Ground Armor Level 1  
  200  13:37  Spine Crawler x2  
  200  13:38  Spore Crawler  
  200  13:41  Adaptive Talons  
  199  14:22  Lurker  
  193  14:47  Queen  
Spawning Tool Build Advisor. Get it on Overwolf

Analysis

I'll add more to this when i become more adept with the build.

Start standard rule of one gas. (Rushing to three base sat on one gas then take them all. Careful this can only be done vs a protoss if you know how to scout them and read what's coming) then a swarmhost ravager timing to hit the protoss 3rd or 4th. Using the locusts to force protoss army back while the rest of your army kills the base/buildings.

He continues the build by going into lurkers and multi pronging the protoss bases. Eventually bases fall and protoss is forced to gg. This is not an easy build, requires a decent level of mulli tasking/control/apm and will be hard to execute for even some advanced players. Goodluck!

Go to:

Details

  • Created by: IIEleven11
  • Published on: Mar 08, 2021
  • Modified on: Mar 08, 2021
  • Patch: 4.11.0
  • Difficulty: Hard
Show
View Real Time Build Order
Export as new Build Order

Comments (0)

There are no comments. Be the first!

Create an account to comment!